 Dungeon Crawl Stone Soup version 0.13-a0-2355-g3ca5c6e (webtiles) character file.

446 Kae the Firebug (level 6, -3/32 HPs)
             Began as a Deep Elf Fire Elementalist on July 12, 2013.
             Slain by Pikel
             ... wielding a +2,+0 whip of flaming
              (7 damage)
             ... on Level 3 of the Dungeon.
             The game lasted 00:08:27 (5043 turns).

Kae the Firebug (Deep Elf Fire Elementalist)        Turns: 5043, Time: 00:08:27

HP  -3/32        AC  2     Str  7      XL: 6   Next: 18%
MP   2/19        EV 12     Int 20      God:
Gold 136         SH  8     Dex 17      Spells:  4 memorised,  3 levels left

Res.Fire  : . . .   See Invis. : +   o - +0,+2 dagger (venom)
Res.Cold  : . . .   Warding    : .   a - +0 elf robe
Life Prot.: . . .   Conserve   : .   i - +0 elf buckler
Res.Poison: .       Res.Corr.  : .   (no helmet)
Res.Elec. : .       Clarity    : .   (no cloak)
Sust.Abil.: . .     Spirit.Shd : .   (no gloves)
Res.Mut.  : .       Stasis     : .   (no boots)
Res.Rott. : .       Flight     : .   (no amulet)
Saprovore : . . .                    k - +2 ring of dexterity
                                     p - ring of see invisible

@: slightly resistant to hostile enchantments, fairly stealthy
A: no striking features
a: no special abilities


You were on level 3 of the Dungeon.
You were not hungry.

You visited 1 branch of the dungeon, and saw 4 of its levels.

You collected 116 gold pieces.

Inventory:

Hand weapons
 o - a +0,+2 dagger of venom (weapon)
Armour
 a - a +0 elven robe (worn)
 i - a +0 elven buckler (worn)
Magical devices
 e - a wand of lightning (7)
Comestibles
 c - 2 bread rations
 r - a lychee
Scrolls
 d - 4 scrolls of teleportation
 h - 4 scrolls of identify
 j - 2 scrolls of noise
Jewellery
 k - a +2 ring of dexterity (right hand)
 p - a ring of see invisible (left hand)
Potions
 g - a potion of flight
 n - a potion of degeneration
 q - a potion of restore abilities
 s - a potion of brilliance
 u - a potion of might
Books
 b - a book of Flames

   Spells                             Type                      Level
   *Flame Tongue                      Conjuration/Fire             1
   *Throw Flame                       Conjuration/Fire             2
   *Conjure Flame                     Conjuration/Fire             3
   Inner Flame                        Hexes/Fire                   3
   *Sticky Flame                      Conjuration/Fire             4
   Fireball                           Conjuration/Fire             5


   Skills:
 - Level 2.4 Dodging
 - Level 2.4 Stealth
 + Level 4.3 Spellcasting
 * Level 4.0 Conjurations
 * Level 5.5 Fire Magic


You had 3 spell levels left.
You knew the following spells:

 Your Spells              Type           Power        Failure   Level  Hunger
a - Flame Tongue          Conj/Fire      ###..        2%          1    None
b - Throw Flame           Conj/Fire      ###...       3%          2    #......
c - Conjure Flame         Conj/Fire      ###.....     10%         3    ###....
d - Sticky Flame          Conj/Fire      ###.....     24%         4    ####...


Dungeon Overview and Level Annotations

Branches:
Dungeon (4/27)
 Temple: D:4-7

Altars:
Ashenzari

Annotations
D:3 Pikel


Message History

* * * LOW HITPOINT WARNING * * *
Pikel burns you.
* * * LOW HITPOINT WARNING * * *
Casting: Flame Tongue
Confirm with . or Enter, or press ? or * to list all spells.
Aiming: Flame Tongue
Press: ? - help, Shift-Dir - straight line, f/p - Pikel
Aim: Pikel, wielding a whip of flaming and wearing an embroidered robe (severely wounded)
The flame hits Pikel.
Pikel resists.
Pikel is severely wounded.
Pikel misses you.
Casting: Flame Tongue
Confirm with . or Enter, or press ? or * to list all spells.
Aiming: Flame Tongue
Press: ? - help, Shift-Dir - straight line, f/p - Pikel
Aim: Pikel, wielding a whip of flaming and wearing an embroidered robe (severely wounded)
The flame hits Pikel.
Pikel appears unharmed.
Pikel is severely wounded.
Pikel hits you with a whip of flaming!
You die...

#########.#########.#.####
#..........#>[......#.#...
#..........#)#####..._....
#..........#.# #..#.#...
#..........#.# #........
#########'##.# #........
#.##.######+#.....
#.##........#..... #####
#@##........#..... #...#
#K##........#.#### #...#
#...........#.# #
#...##### #...........#.#
#
#...#...###....)......#.#
#
#...'...'...(......((...#
#
#...#...######..........#
# ###.#...# #........^.# #
#.#...# #........#.# #


You could see Pikel.

Vanquished Creatures
  A slave (D:4)
  A centaur (D:3)
  An orc priest (D:4)
  A hound (D:3)
  An orc wizard (D:3)
  6 adders
  A worm (D:2)
  A giant gecko (D:1)
  6 orcs
  8 bats
  3 giant cockroaches (D:2)
  9 hobgoblins
  A quokka (D:3)
  A ball python (D:1)
  3 giant newts
  5 goblins
  11 jackals
  13 kobolds
  7 rats
80 creatures vanquished.

Vanquished Creatures (others)
  A giant newt (D:4)
  A kobold (D:3)
2 creatures vanquished.

Grand Total: 82 creatures vanquished

Notes
Turn   | Place    | Note
--------------------------------------------------------------
     0 | D:1      | Kae, the Deep Elf Fire Elementalist, began the quest for the Orb.
     0 | D:1      | Reached XP level 1. HP: 10/10 MP: 4/4
   420 | D:1      | Reached XP level 2. HP: 15/15 MP: 3/6
   455 | D:1      | Learned a level 2 spell: Throw Flame
   854 | D:1      | Reached skill level 4 in Fire Magic
  1501 | D:2      | Reached XP level 3. HP: 19/19 MP: 6/9
  2179 | D:2      | Reached XP level 4. HP: 21/24 MP: 8/12
  3038 | D:3      | Noticed a centaur
  3051 | D:3      | Killed a centaur
  3051 | D:3      | Reached XP level 5. HP: 14/28 MP: 12/16
  3272 | D:3      | Reached skill level 5 in Fire Magic
  3534 | D:3      | Found a shattered altar of Ashenzari.
  4276 | D:3      | Reached XP level 6. HP: 22/32 MP: 16/19
  4382 | D:4      | Learned a level 3 spell: Conjure Flame
  4387 | D:4      | Learned a level 4 spell: Sticky Flame
  4603 | D:4      | Noticed a slave
  4854 | D:4      | Killed a slave
  4997 | D:4      | Noticed Pikel
  5006 | D:4      | Noticed a slave
  5016 | D:4      | Noticed a slave
  5018 | D:4      | Noticed a slave
  5043 | D:3      | Slain by Pikel

Action                   |  1- 3 |  4- 6 || total
-------------------------+-------+-------++-------
Melee: Unarmed           |    25 |     2 ||    27
       Dagger            |       |     2 ||     2
 Cast: Flame Tongue      |    81 |    94 ||   175
       Throw Flame       |       |    10 ||    10
       Sticky Flame      |       |     1 ||     1
  Use: Scroll            |       |     9 ||     9
       Potion            |       |     2 ||     2
 Stab: Sleeping          |     2 |       ||     2
